 Dungeon Crawl Stone Soup version 0.28.0-43-g3370ac3207 (webtiles) character file.

Game seed: 13049308913235715288

32 RascalDebosk the Poker (level 3, -8/30 HPs)
             Began as a Minotaur Gladiator on Apr 1, 2022.
             Mangled by an ogre
             ... wielding a +0 giant spiked club
              (23 damage)
             ... on level 4 of the Dungeon.
             The game lasted 00:06:07 (1041 turns).

RascalDebosk the Poker (Minotaur Gladiator)         Turns: 1041, Time: 00:06:08

Health: -8/30      AC:  8    Str: 20    XL:     3   Next: 10%
Magic:  2/2        EV:  8    Int:  5    God:
Gold:   49         SH:  0    Dex: 11    Spells: 2/2 levels left

rFire   . . .      SeeInvis .   a - +0 trident
rCold   . . .      Faith    .   (no shield)
rNeg    . . .      Spirit   .   f - +0 chain mail
rPois   .          Reflect  .   c - +0 hat
rElec   .          Harm     .   (no cloak)
rCorr   .          Rampage  .   (no gloves)
Will    .....                   (no boots)
Stlth   ..........              (no amulet)
HPRegen 0.10/turn               (no ring)
MPRegen 0.08/turn               (no ring)

@: no status effects
A: horns 2, retaliatory headbutt
a: no special abilities


You were on level 4 of the Dungeon.
You visited 1 branch of the dungeon, and saw 3 of its levels.

You collected 49 gold pieces.

Inventory:

Hand Weapons
 a - a +0 trident (weapon)
Missiles
 d - 3 throwing nets (quivered)
 e - 3 silver javelins
Armour
 c - a +0 hat (worn)
 f - a +0 chain mail (worn)
Scrolls
 b - a scroll of teleportation
Potions
 k - a potion of haste


   Skills:
 + Level 2.9 Fighting
 + Level 4.0 Polearms
 + Level 2.3 Throwing
 + Level 1.1 Armour
 - Level 3.3 Dodging
 + Level 0.8 Evocations


You had 2 spell levels left.
You didn't know any spells.
Your spell library was empty.

Dungeon Overview and Level Annotations

Branches:
Dungeon (2/15)

Altars:


Innate Abilities, Weirdness & Mutations

You have a pair of horns on your head.
You reflexively headbutt those who attack you in melee.


Message History

You feel sick.
You are no longer poisoned.
Your orc dissolves into shadows!
Your jackal dissolves into shadows!
Your iguana dissolves into shadows!
Your jackal dissolves into shadows!
Your kobold dissolves into shadows!
HP restored.
b - a scroll of teleportation A ball python comes into view.
The ball python hisses angrily.
The ball python moves out of view.
You see here 8 gold pieces.
You now have 49 gold pieces (gained 8).
You reach to attack!
You puncture the ball python!
You kill the ball python!
An endoplasm and an ogre come into view.
The endoplasm quivers.
The ogre shouts!
You reach to attack!
You barely miss the endoplasm. You hit the endoplasm.
You headbutt the endoplasm, but do no damage.
The endoplasm is severely wounded.
The endoplasm freezes you.
You are frozen.
You hit the endoplasm.
You kill the endoplasm!
You hit the ogre.
The ogre is lightly wounded.
The ogre hits you with a +0 giant spiked club!
You are too injured to fight recklessly!
You are too injured to fight recklessly!
You are too injured to fight recklessly!
You are too injured to fight recklessly!
You are too injured to fight recklessly!
You puncture the ogre!
The ogre is heavily wounded.
The ogre hits you with a +0 giant spiked club!!
Ouch! That really hurt!
You die...

### ... #.# #. #.# #.
#.# #. # ###O###..##
#..@$...... ###.
#...###........ ###
#...# #K##..##.. #.
...#...# #h§K......
....#.#...######K.##..
#....†...........l...
.####.#.########hl##.#
#.#.# #..# # # #.#
#.o#


You could see an ogre.

Vanquished Creatures
  3 ball pythons
  3 endoplasms
  A giant cockroach (D:1)
  A hobgoblin (D:1)
  3 jackals (D:1)
  A bat (D:1)
  3 frilled lizards (D:1)
  4 kobolds (D:1)
  3 rats (D:1)
  A spectral kobold (D:1)
23 creatures vanquished.

Vanquished Creatures (collateral kills)
  An adder (D:4)
1 creature vanquished.

Vanquished Creatures (others)
  3 plants (D:1)
3 creatures vanquished.

Grand Total: 27 creatures vanquished

Notes
Turn   | Place    | Note
-------+----------+-------------------------------------------
     0 | D:1      | RascalDebosk the Minotaur Gladiator began the quest for the
                  | Orb.
     0 | D:1      | Reached XP level 1. HP: 18/18 MP: 0/0
   178 | D:1      | Reached XP level 2. HP: 25/25 MP: 1/1
   633 | D:1      | Reached skill level 1 in Armour
   761 | D:1      | Found a faded altar of an unknown god.
   943 | D:2      | You fall into a shaft and drop 2 floors!
   965 | D:4      | Reached skill level 4 in Polearms
   965 | D:4      | Reached XP level 3. HP: 29/30 MP: 2/2
  1034 | D:4      | Noticed an ogre
  1041 | D:4      | Mangled by an ogre

Illustrated notes

Levels and vault maps discovered:
D:1:      elethiomel_arrival_shortcut, layout_basic,
          dreamdust_ecumenical_altar_drowned_temple, serial_forest,
          infiniplex_forest_join, infiniplex_forest_lined_2,
          infiniplex_forest_lined_2, infiniplex_forest_clump_double,
          minmay_misc_feat_columns
D:2:      layout_basic, st_stairs_7
D:4:      layout_loops_ring, uniq_edmund, uniq_ijyb

Skill      XL: |  1  2 |
---------------+-------+-----
Armour         | 1 |  1.1
Polearms       | 4 |  4.0
Fighting       | |  2.9
Throwing       | |  2.3
Dodging        | |  3.3
Evocations     | |  0.8

Action                   || total
-------------------------++-------
Melee: Trident           ||    48
       Headbutt          ||     6
  Use: Scroll            ||     3
 Stab: Sleeping          ||     1
Armor: Chain mail        ||    11
Dodge: Dodged            ||    17
